 Dungeon Crawl Stone Soup version 0.30-a0-55-g90e3122c3a (webtiles) character file.

Game seed: 14094061070952552200

419 spaghetti the Trooper (level 6, 0/60 (67) HPs)
             Began as an Ogre Transmuter on Sept 9, 2022.
             Was a Priest of Uskayaw.
             Slain by a necrophage (1 damage)
             ... on level 4 of the Dungeon.
             The game lasted 00:10:49 (4465 turns).

spaghetti the Trooper (Ogre Transmuter)             Turns: 4465, Time: 00:10:50

HP:   0/60 (67)     AC:  5    Str: 15    XL:     6   Next: 93%
MP:   0/12          EV:  9    Int: 16    God:    Uskayaw [***...]
Gold: 33            SH:  0    Dex:  9    Spells: 7/13 levels left

rFire   + . .      SeeInvis .      - Unarmed
rCold   . . .      Faith    .    (no shield)
rNeg    . . .      Spirit   +    a - +0 robe
rPois   +          Reflect  .    (helmet restricted)
rElec   .          Harm     .    (no cloak)
rCorr   .          Rampage  .    (gloves unavailable)
Will    .....                    (boots unavailable)
Stlth   +.........               v - amulet of guardian spirit
HPRegen 0.20/turn                (no ring)
MPRegen 0.13/turn                (no ring)

@: wereblooded, heavily drained
A: large, unfitting armour, tough skin 1, iridescent scales 1, fire resistance
1, poison resistance
a: Renounce Religion, Stomp, Line Pass


You were on level 4 of the Dungeon.
You worshipped Uskayaw.
Uskayaw was noncommittal.
You visited 2 branches of the dungeon, and saw 5 of its levels.

You collected 139 gold pieces.
You spent 106 gold pieces at shops.


Innate Abilities, Weirdness & Mutations

You are too large for most types of armour.
You have tough skin. (AC +1)
You are partially covered in iridescent scales. (AC +2)
Your flesh is heat resistant. (rF+)
Your system is resistant to poisons. (rPois)


   Skills:
 * Level 6.0 Fighting
 - Level 1.7 Dodging
 - Level 3.4 Unarmed Combat
 + Level 4.1 Spellcasting
 + Level 3.0 Transmutations
 * Level 1.7 Invocations


You had 7 spell levels left.
You knew the following spells:

 Your Spells              Type           Power      Damage    Failure   Level
a - Beastly Appendage     Tmut           26%        N/A       4%          1
b - Wereblood             Tmut           13%        N/A       7%          2
c - Spider Form           Tmut/Pois      8%         N/A       26%         3

Your spell library contained the following spells:

 Spells                   Type           Power      Damage    Failure   Level
 Ice Form                 Ice/Tmut       8%         N/A       65%         4

Inventory:

Missiles
 f - 49 stones {throwing}
 h - 5 poisoned darts {throwing}
 k - 2 atropa-tipped darts {throwing}
Armour
 a - a +0 robe (worn)
Jewellery
 v - an amulet of guardian spirit (around neck)
   (You found it on level 4 of the Dungeon)
Scrolls
 c - 2 scrolls of silence {!r}
 d - 2 scrolls of noise {!r}
 e - a scroll of identify {@r1}
 g - 2 scrolls of immolation {!r!r}
 i - 2 scrolls of magic mapping {!r}
 n - a scroll of teleportation {@r4}
 q - a scroll of blinking {!r}
 s - a scroll of enchant armour {unknown}
 t - a scroll of vulnerability {unknown}
Potions
 b - a potion of lignification {!q}
 j - a potion of curing {@q1}
 l - a potion of mutation {!q}
 o - a potion of magic
 p - 3 potions of invisibility
 r - a potion of flight {unknown}
 u - 2 potions of haste {unknown}

Dungeon Overview and Level Annotations

Branches:
Dungeon (4/15) Zot: 19950  Temple (1/1) D:4 Zot: 5591

Altars:
Ashenzari
Dithmenos
Elyvilon
Gozag
Nemelex Xobeh
Okawaru
Qazlal
Ru
Sif Muna
Uskayaw
Vehumet
Wu Jian
Yredelemnul
The Shining One

Shops:
D:2 (*   D:3 ?!((:

..# ...# #=$.# ########
#....#### ##......## ##
#........##........######.
..[......o..........##....
..>....##.o............#..
..).....n@.o..............
#.......##n..........###..
.....)....g..o...........#
.......##....o.....#.....#
.......
###........#รท###.#
....... #...........# #..
#.....# #..........## ###
##...# #..........######
#..........##....


You could see 2 necrophages, 2 friendly orc priests, 3 friendly orcs and a
friendly hobgoblin (summoned).


Message History

The adder closely misses you. ๐Ÿ˜• HP[-1]
You take 1 damage, and now have 49/65 hp.
You hit the adder.
The adder is poisoned.
You feel sick. The adder closely misses you.
The necrophage closely misses you. ๐Ÿ˜ฎ HP[-1]
You take 1 damage, and now have 48/65 hp.
You barely miss the adder.
Your transformation is almost over.
You feel sick. The adder completely misses you.
The necrophage completely misses you. ๐Ÿ˜ฎ HP[-1]
You take 1 damage, and now have 47/65 hp.
You barely miss the adder.
You feel sick.
You are no longer poisoned.
The adder misses you. The necrophage hits you.
The adder closely misses you. ๐Ÿ˜ฎ HP[-1]
You take 1 damage, and now have 46/65 hp.
You hit the adder.
The adder looks as sick as possible!
You feel a bit better.
You kill the adder!
The necrophage barely misses you.
You can now pass through a line of other dancers.
Your Fighting skill increases to level 6! ๐Ÿ˜ฎ HP[+2]
You regained 2 hp, and now have 48/65 hp.
Unknown command.
You hit the necrophage. The necrophage completely misses you.
The necrophage barely misses you.
You barely miss the necrophage. The necrophage hits you.
The necrophage hits you but does no damage.
Your magical contamination has completely faded away. ๐Ÿ˜ฎ HP[-6]
You take 6 damage, and now have 42/65 hp.
You hit the necrophage but do no damage.
You hiss as the wereblood boils in your veins!
The necrophage barely misses you. x2
You hit the necrophage. The necrophage completely misses you.
The necrophage hits you. ๐Ÿ˜ฎ HP[-4] MP[+1]
You take 4 damage, and now have 38/65 hp.
You hit the necrophage. The necrophage barely misses you.
The necrophage closely misses you.
You hit the necrophage.
Your transformation has ended.
Your +0 robe unmelds from your body.
The necrophage barely misses you. The necrophage hits you.
Uskayaw will force your foes to helplessly watch your dance.
Uskayaw prepares the audience for your solo! ๐Ÿ˜ฎ HP[-4]
You take 4 damage, and now have 34/65 hp.
The helpless necrophage fails to defend itself.
You hit the necrophage.
The necrophage is no longer paralysed. x2
The necrophage hits you.
* * * LOW HITPOINT WARNING * * *
You feel drained.
The necrophage closely misses you. ๐Ÿ˜จ HP[-4]
You now have 64 max hp (-1).
You take 4 damage, and now have 30/64 hp.
You hit the necrophage but do no damage.
You howl as the wereblood boils in your veins!
You stomp with the beat, sending a shockwave through the revellers around you!
Uskayaw will no longer force your foes to helplessly watch your dance.
You howl as the wereblood boils in your veins!
The necrophage hits you.
* * * LOW HITPOINT WARNING * * *
The necrophage hits you.
* * * LOW HITPOINT WARNING * * *
You feel drained.
* * * LOW HITPOINT WARNING * * *
Unknown command. ๐Ÿ˜จ HP[-9] MP[-3]
You now have 62 max hp (-2).
You take 9 damage, and now have 21/62 hp.
You lost 3 mp, and now have 0/12 mp.
You barely miss the necrophage.
The necrophage hits you but does no damage.
The necrophage closely misses you.
You hit the necrophage. The necrophage hits you!
* * * LOW HITPOINT WARNING * * *
The necrophage barely misses you.
Uskayaw will force your foes to helplessly watch your dance. ๐Ÿ˜ฑ HP[-7]
You take 7 damage, and now have 14/62 hp.
Unknown command.
Unknown command.
You closely miss the necrophage. The necrophage hits you!
* * * LOW HITPOINT WARNING * * *
You feel drained.
* * * LOW HITPOINT WARNING * * *
The necrophage barely misses you. ๐Ÿ˜ฑ HP[-8]
You now have 60 max hp (-2).
You take 8 damage, and now have 6/60 hp.
Okay, then.
As you read the scroll of summoning, it crumbles to dust.
Wisps of shadow whirl around you... The necrophage hits you.
* * * LOW HITPOINT WARNING * * *
The necrophage hits you.
You die...

Skill      XL: |  1  2  3  4  5  6 |
---------------+-------------------+-----
Fighting       | 2 3 4 5 6 |  6.0
Transmutations | 2 3 |  3.0
Unarmed Combat | 3 |  3.4
Spellcasting   | 3 4 |  4.1
Invocations    | 1 |  1.7
Dodging        | |  1.7

Action                   |  1- 3 |  4- 6 || total
-------------------------+-------+-------++-------
Melee: Unarmed           |   118 |   235 ||   353
       Headbutt          |     7 |     3 ||    10
       Kick              |     4 |     5 ||     9
       Punch             |     3 |     6 ||     9
 Cast: Beastly Appendage |     4 |     3 ||     7
       Wereblood         |     3 |     6 ||     9
       Spider Form       |     1 |     8 ||     9
Invok: Stomp             |       |     1 ||     1
       Line Pass         |       |     1 ||     1
  Use: Potion            |     6 |     3 ||     9
       Scroll            |     3 |     9 ||    12
 Stab: Invisible         |     2 |       ||     2
       Sleeping          |     1 |       ||     1
       Paralysed         |       |     1 ||     1
Armor: Robe              |    33 |    48 ||    81
       Skin              |     2 |     5 ||     7
Dodge: Dodged            |    72 |   134 ||   206

Levels and vault maps discovered:
D:1:      lightli_arrival_boilingwater, layout_basic,
          ebering_ecumenical_altar_hall, minmay_liquid_box, minivault_24
D:2:      layout_basic, serial_shops, nicolae_diamond_shop, nicolae_shop_stone,
          uniq_terence
D:3:      layout_rooms, serial_shops, shop, shop, shop_fountains,
          nicolae_diamond_shop, nicolae_diamond_shop, minmay_close_crescents
D:4:      layout_rooms, minmay_temple_entry_glass, minmay_crystal_room
Temple:   dpeg_chambers_temple

Notes
Turn   | Place    | Note
-------+----------+-------------------------------------------
     0 | D:1      | spaghetti the Ogre Transmuter began the quest for the Orb.
     0 | D:1      | Reached XP level 1. HP: 19/19 MP: 3/3
     0 | D:1      | magus.rc [v1.9.6]
   192 | D:1      | Reached XP level 2. HP: 24/28 MP: 5/5
   195 | D:1      | Learned a level 2 spell: Wereblood
   300 | D:1      | Reached skill level 2 in Fighting
   308 | D:1      | Reached skill level 2 in Transmutations
   311 | D:1      | Reached skill level 3 in Unarmed Combat
   483 | D:1      | Found a faded altar of an unknown god.
   765 | D:1      | Reached XP level 3. HP: 34/36 MP: 7/7
   769 | D:1      | Learned a level 3 spell: Spider Form
  1210 | D:2      | Found Qaet's Assorted Antiques.
  1252 | D:2      | Bought a scroll labelled ZODGHA COF for 25 gold pieces
  1252 | D:2      | Bought a scroll labelled ZISAOFR ESIRPH for 25 gold pieces
  1366 | D:2      | Noticed Terence
  1393 | D:2      | Gained mutation: You are frail. (-10% HP) [potion of
                  | mutation]
  1393 | D:2      | Gained mutation: You occasionally shout uncontrollably at
                  | your foes. [potion of mutation]
  1393 | D:2      | Gained mutation: Your spells are a little easier to cast,
                  | but a little less powerful. [potion of mutation]
  1403 | D:2      | Killed Terence
  1404 | D:2      | Reached skill level 3 in Fighting
  1404 | D:2      | Reached XP level 4. HP: 32/40 MP: 8/8
  1590 | D:2      | Reached skill level 3 in Spellcasting
  1888 | D:2      | Found Cafiosm's Weapon Boutique.
  2148 | D:3      | Reached skill level 4 in Fighting
  2148 | D:3      | Reached XP level 5. HP: 44/48 MP: 4/9
  2193 | D:3      | Found Vottir's Book Shoppe.
  2369 | D:3      | You pick up a book of Changes and begin reading...
  2650 | D:3      | Found Hozi's Weapon Boutique.
  2800 | D:3      | Found Ecroh's Magic Scroll Boutique.
  2808 | D:3      | Bought a scroll of identify for 28 gold pieces
  2808 | D:3      | Bought a scroll of identify for 28 gold pieces
  2820 | D:3      | Found Ejyz's Distillery.
  2830 | D:3      | Lost mutation: Your spells are a little easier to cast, but
                  | a little less powerful. [potion of mutation]
  2830 | D:3      | Lost mutation: You are frail. (-10% HP) [potion of
                  | mutation]
  2830 | D:3      | Gained mutation: You have hidden genetic defects. [potion
                  | of mutation]
  2835 | D:3      | Lost mutation: You have hidden genetic defects. [potion of
                  | mutation]
  2835 | D:3      | Lost mutation: You occasionally shout uncontrollably at
                  | your foes. [potion of mutation]
  2835 | D:3      | Gained mutation: You are frail. (-10% HP) [potion of
                  | mutation]
  2835 | D:3      | Gained mutation: You have sharp toenails. [potion of
                  | mutation]
  2901 | D:3      | Found Syner's Antique Weapon Shoppe.
  3204 | D:4      | Noticed a black bear
  3221 | D:4      | Killed a black bear
  3222 | D:4      | Reached skill level 5 in Fighting
  3222 | D:4      | Reached XP level 6. HP: 30/59 MP: 6/11
  3223 | D:4      | Found a staircase to the Ecumenical Temple.
  3238 | D:4      | Lost mutation: You are frail. (-10% HP) [potion of
                  | mutation]
  3238 | D:4      | Lost mutation: You have sharp toenails. [potion of
                  | mutation]
  3238 | D:4      | Gained mutation: Your system is resistant to poisons.
                  | (rPois) [potion of mutation]
  3238 | D:4      | Gained mutation: Your flesh is heat resistant. (rF+)
                  | [potion of mutation]
  3238 | D:4      | Gained mutation: You are partially covered in iridescent
                  | scales. (AC +2) [potion of mutation]
  3245 | Temple   | Entered the Ecumenical Temple
  3640 | Temple   | Became a worshipper of Uskayaw the Reveller
  3733 | D:4      | Reached * piety under Uskayaw
  3741 | D:4      | Reached ** piety under Uskayaw
  4101 | D:4      | Reached skill level 4 in Spellcasting
  4101 | D:4      | Reached skill level 1 in Invocations
  4186 | D:4      | Reached skill level 3 in Transmutations
  4453 | D:4      | Reached skill level 6 in Fighting
  4458 | D:4      | Reached *** piety under Uskayaw
  4463 | D:4      | HP: 14/62 [necrophage (7)]
  4464 | D:4      | HP: 6/60 [necrophage (2)]
  4465 | D:4      | HP: 1/60 [necrophage (5)]
  4465 | D:4      | Slain by a necrophage

Vanquished Creatures
  A black bear (D:4)
  A phantom (D:4)
  A hound (D:4)
  Terence (D:2)
  An iguana (D:4)
  4 adders
  4 gnolls (D:3)
  5 worms
  4 dart slugs
  3 orcs
  6 endoplasms
  2 giant cockroaches (D:3)
  6 goblins
  10 hobgoblins
  6 jackals
  9 kobolds
  2 quokkas (D:1)
  4 ball pythons
  5 bats
  4 frilled lizards
  4 rats
83 creatures vanquished.

Table legend:
 A = Non-vault XP
 B = Vault XP
 C = Vault XP percentage of total XP
 D = Non-vault monster count
 E = Vault monster count
 F = Vault count percentage of total count
                 A         B        C        D         E       F
            +---------+---------+-------+---------+---------+-------
      Total |     547 |      52 |   8.7 |      74 |       9 |  10.8
            +---------+---------+-------+---------+---------+-------
        D:1 |      50 |       0 |   0.0 |      26 |       0 |   0.0
        D:2 |      34 |      36 |  51.4 |      12 |       1 |   7.7
        D:3 |     111 |      16 |  12.6 |      21 |       8 |  27.6
        D:4 |     352 |       0 |   0.0 |      15 |       0 |   0.0
            +---------+---------+-------+---------+---------+-------

Illustrated notes

Table legend:
 A = Kills in this place as a percentage of kills in entire the game.
 B = Kills by you in this place as a percentage of kills by you in the entire game.
 C = Kills by friends in this place as a percentage of kills by friends in the entire game.
 D = Other kills in this place as a percentage of other kills in the entire game.
 E = Experience gained in this place as a percentage of experience gained in the entire game.
 F = Experience gained in this place divided by the number of levels of this place that you have seen.
                   A       B       C       D       E      F
               +-------+-------+-------+-------+-------+----------------------
         Total | 100.0 | 100.0 |   N/A |   N/A | 100.0 | 119.8
       Dungeon | 100.0 | 100.0 |   N/A |   N/A | 100.0 | 149.8
               +-------+-------+-------+-------+-------+----------------------

Table legend: (Time is in decaauts)
 A = Elapsed time spent in this place.
 B = Non-inter-level travel time spent in this place.
 C = Inter-level travel time spent in this place.
 D = Time resting spent in this place.
 E = Time spent auto-exploring this place.
 F = Levels seen in this place.
 G = Mean time per level.
                   A        B        C        D        E       F      G
               +--------+--------+--------+--------+--------+-----+--------+
         Total |   4457 |   4335 |    122 |     14 |   3576 |   5 |  891.4 |
       Dungeon |   4048 |   3973 |     75 |     14 |   3228 |   4 | 1012.0 |
        Temple |    408 |    361 |     47 |      0 |    348 |   1 |  408.0 |
               +--------+--------+--------+--------+--------+-----+--------+

Top non-repeatable levels by time:
     D:1: 1139 daAuts
     D:3: 1068 daAuts
     D:2: 983 daAuts
     D:4: 856 daAuts
  Temple: 408 daAuts
